 Dungeon Crawl Stone Soup version 0.24.0-37-gcf1ca852f1 (webtiles) character file.

Game seed: 5071911300638537110, levelgen mode: deterministic

34 H0rd4k the Magician (level 3, -5/19 HPs)
             Began as a Deep Elf Wizard on Nov 21, 2019.
             Slain by a hobgoblin
             ... wielding a +0 club
              (8 damage)
             ... on level 2 of the Dungeon.
             The game lasted 00:01:44 (792 turns).

H0rd4k the Magician (Deep Elf Wizard)                Turns: 792, Time: 00:01:44

Health: -5/19      AC:  2    Str:  4    XL:     3   Next: 14%
Magic:  0/12       EV: 13    Int: 23    God:
Gold:   42         SH:  0    Dex: 13    Spells: 4/13 levels left

rFire    . . .     SeeInvis .   (no weapon)
rCold    . . .     Gourm    .   (no shield)
rNeg     . . .     Faith    .   a - +0 robe
rPois    .         Spirit   .   b - +0 hat
rElec    .         Reflect  .   (no cloak)
rCorr    .         Harm     .   (no gloves)
MR       .....                  (no boots)
Stlth    ++........             (no amulet)
HPRegen  0.06/turn              (no ring)
MPRegen  0.13/turn              (no ring)

@: lethally poisoned (-5 -> -14)
A: no striking features
a: no special abilities


You were on level 2 of the Dungeon.
You were not hungry.

You visited 1 branch of the dungeon, and saw 3 of its levels.

You collected 42 gold pieces.

Inventory:

Armour
 a - a +0 robe (worn)
 b - a +0 hat (worn)
Jewellery
 i - an uncursed ring of stealth {unknown}
 j - a +4 ring of evasion {unknown}
Scrolls
 e - a scroll of fog {unknown}
 f - 2 scrolls of identify {unknown}
 k - a scroll of teleportation {unknown}
 l - a scroll of magic mapping {unknown}
 m - a scroll of enchant armour {unknown}
Potions
 c - a potion of haste {unknown}
 g - a potion of degeneration {unknown}
 h - a potion of curing {unknown}
Comestibles
 d - a ration


   Skills:
 + Level 2.5 Dodging
 + Level 2.7 Stealth
 + Level 5.7 Spellcasting
 + Level 1.2 Conjurations
   Level 1.1 Summonings
 + Level 1.1 Translocations


You had 4 spell levels left.
You knew the following spells:

 Your Spells              Type           Power        Failure   Level  Hunger
a - Magic Dart            Conj           ##..         5%          1    None
b - Blink                 Tloc           N/A          9%          2    None
c - Conjure Flame         Conj/Fire      #.......     21%         3    #......
d - Mephitic Cloud        Conj/Pois/Air  #.......     22%         3    #......

Your spell library contained the following spells:

 Spells                   Type           Power        Failure   Level  Hunger
 Call Imp                 Summ           ##......     9%          2    None
 Slow                     Hex            #.......     13%         2    None


Dungeon Overview and Level Annotations

Branches:
Dungeon (3/15)

Altars:


Message History

The adder poisons you!
Casting: Magic Dart (safe; 5% risk of failure)
Confirm with . or Enter, or press ? or * to list all spells.
Aiming: Magic Dart (safe; 5% risk of failure)
Press: ? - help, Shift-Dir - straight line, f/p - adder
Aim: an adder (severely wounded)
The magic dart hits the adder.
The adder is severely wounded.
The adder completely misses you.
Casting: Magic Dart (safe; 5% risk of failure)
Confirm with . or Enter, or press ? or * to list all spells.
Aiming: Magic Dart (safe; 5% risk of failure)
Press: ? - help, Shift-Dir - straight line, f/p - adder
Aim: an adder (severely wounded)
The magic dart hits the adder.
The adder is almost dead.
* * * LOW HITPOINT WARNING * * *
You feel sick. The adder closely misses you.
The hobgoblin hits you with a +0 club!
You die...

###
#...##########.
#.....g@.......
#.....S#######.
##...........S
#.....#######
#.....# #.#.###
#.#. # #. ..


You could see an adder and a hobgoblin.

Vanquished Creatures
  An adder (D:2)
  3 leopard geckos (D:1)
  2 goblins
  7 hobgoblins (D:1)
  A bat (D:2)
  2 frilled lizards (D:1)
  2 kobolds
  3 rats (D:1)
21 creatures vanquished.

Notes
Turn   | Place    | Note
-------+----------+-------------------------------------------
     0 | D:1      | H0rd4k the Deep Elf Wizard began the quest for the Orb.
     0 | D:1      | Reached XP level 1. HP: 10/10 MP: 7/7
   206 | D:1      | Reached XP level 2. HP: 12/15 MP: 6/9
   250 | D:1      | Reached skill level 5 in Spellcasting
   715 | D:2      | Reached XP level 3. HP: 19/19 MP: 4/12
   719 | D:2      | Learned a level 2 spell: Blink
   723 | D:2      | Learned a level 3 spell: Conjure Flame
   727 | D:2      | Learned a level 3 spell: Mephitic Cloud
   792 | D:2      | Slain by a hobgoblin

Levels and vault maps discovered:
D:1:      sevenhm_arrival_forest_fort_small_5, layout_loops_ring
D:2:      layout_loops_ring, lemuel_doored_altar, first_ration, uniq_jessica
D:3:      layout_loops_ring

Skill      XL: |  1  2 |
---------------+-------+-----
Spellcasting   | 5 |  5.7
Dodging        | |  2.5
Stealth        | |  2.7
Conjurations   | |  1.2
Summonings     | |  1.1
Translocations | |  1.1

Action                   || total
-------------------------++-------
Melee: Unarmed           ||     2
 Cast: Magic Dart        ||    63
       Blink             ||     1
Armor: Robe              ||     3
Dodge: Dodged            ||    31
